 Dungeon Crawl Stone Soup version 0.21.1-1-g345015f (webtiles) character file.

79347 zishaf the Warrior (level 15, -2/152 HPs)
             Began as a Minotaur Berserker on May 18, 2018.
             Was a High Priest of Trog.
             Slain by a naga warrior
             ... wielding a +0 halberd
              (17 damage)
             ... on level 2 of the Lair of Beasts.
             The game lasted 00:48:34 (19444 turns).

zishaf the Warrior (Minotaur Berserker)            Turns: 19444, Time: 00:48:36

Health: -2/152     AC: 21    Str: 24    XL:     15   Next: 20%
Magic:  0/17       EV: 10    Int:  4    God:    Trog [*****.]
Gold:   1828       SH:  8    Dex: 18    Spells: 14/14 levels left

rFire    + . .     SeeInvis .   v - +8 trident of the Octopus King {venom, rElec rPois MR+}
rCold    . . .     Gourm    .   O - +0 buckler {reflect}
rNeg     . . .     Faith    .   T - +0 plate armour
rPois    +         Spirit   +   (helmet restricted)
rElec    +         Reflect  +   X - +0 cloak {rF+}
rCorr    .         Harm     .   G - +0 pair of gloves
MR       ++...                  u - +0 pair of boots
Stlth    ..........             N - amulet of guardian spirit
HPRegen  0.35/turn              B - +3 ring of protection
MPRegen  0.15/turn              e - +4 ring of dexterity

@: lethally poisoned (-2 -> -9), berserk cooldown, slowed, constricted, drained,
very slow
A: retaliatory headbutt, horns 2, talons 1, screaming 1, sturdy frame 1
a: Berserk, Trog's Hand, Brothers in Arms, Burn Spellbooks, Renounce Religion


You were on level 2 of the Lair of Beasts.
You worshipped Trog.
Trog was extremely pleased with you.
You were not hungry.

You visited 4 branches of the dungeon, and saw 20 of its levels.
You also visited: Ossuary and Volcano.

You collected 2020 gold pieces.
You spent 192 gold pieces at shops.

Inventory:

Hand Weapons
 a - a +2 mace of crushing
 v - the +8 trident of the Octopus King (weapon) {venom, rElec rPois MR+}
   (You found it on level 4 of the Dungeon)

   It poisons the flesh of those it strikes.
   It insulates you from electricity.
   It protects you from poison.
   It affects your resistance to hostile enchantments.
 V - a +8 antimagic quick blade
Armour
 d - a +0 cloak of invisibility
 u - a +0 pair of boots (worn)
 D - a +0 shield
 G - a +0 pair of gloves (worn)
 O - a +0 buckler of reflection (worn)
 T - a +0 plate armour (worn)
 X - a +0 cloak of fire resistance (worn)
Jewellery
 e - a +4 ring of dexterity (right hand)
 y - the ring "Feubyr" {*Tele rC+ Slay+3}
   (You found it on level 5 of the Dungeon)

   [ring of teleportation]

   It may teleport you next to monsters.
   It affects your accuracy and damage with ranged weapons and melee attacks
   (+3).
   It protects you from cold.
 B - a +3 ring of protection (left hand)
 I - an uncursed ring of fire
 N - an amulet of guardian spirit (around neck)
 P - an uncursed ring of ice
 W - an uncursed amulet of the gourmand
Wands
 m - a wand of digging (21)
 t - a wand of clouds (6)
 C - a wand of enslavement (19)
 F - a wand of scattershot (7)
 M - a wand of polymorph (28)
 R - a wand of paralysis (20)
 S - a wand of iceblast (31)
 U - a wand of acid (12)
 Y - a wand of disintegration (6)
Scrolls
 k - a scroll of fear
 l - 5 scrolls of teleportation
 o - 2 scrolls of summoning {unknown}
 s - 4 scrolls of silence {unknown}
 x - 3 scrolls of enchant armour
 E - 3 scrolls of enchant weapon {unknown}
 H - 2 scrolls of fog
 K - 2 scrolls of remove curse
 L - a scroll of identify
 Q - 2 scrolls of blinking
Potions
 b - 3 potions of flight
 f - 4 potions of resistance
 g - 4 potions of brilliance
 h - 16 potions of heal wounds
 i - 4 potions of ambrosia
 j - 2 potions of mutation
 p - 4 potions of agility
 q - 2 potions of lignification
 r - 4 potions of cancellation
 w - a potion of might
 z - 3 potions of berserk rage
 A - 8 potions of curing
Books
 J - a book of Power

   Spells                             Type                      Level
   a - Iskenderun's Battlesphere      Conjuration/Charms           5
   b - Venom Bolt                     Conjuration/Poison           5
   c - Bolt of Magma                  Conjuration/Fire/Earth       5
   d - Iron Shot                      Conjuration/Earth            6
   e - Orb of Destruction             Conjuration                  7
   f - Spellforged Servitor           Conjuration/Summoning        7
   Trog disapproves of the use of such an item.
Miscellaneous
 n - a phial of floods
Comestibles
 c - 29 rations


   Skills:
 - Level 19.0(18.5) Fighting
 - Level 3.1(2.8) Short Blades
   Level 6.0(10.3) Axes
 - Level 13.5(13.6) Polearms
 - Level 9.0(8.6) Armour
 - Level 9.0(8.6) Dodging
 * Level 14.9(14.5) Shields
 + Level 4.8(4.5) Evocations


You had 14 spell levels left.
You didn't know any spells.

Dungeon Overview and Level Annotations

Branches:
Dungeon (11/15)            Temple (0/1) D:6            Lair (6/6) D:11
 Shoals (0/4) Lair:4        Snake (1/4) Lair:2        Slime (0/5) Lair:5
    Orc (2/2) D:9             Elf (0/3) Orc:2

Altars:
Fedhas
Kikubaaqudgha
Okawaru
Uskayaw
Vehumet
Beogh
Jiyva

Shops:
Orc:1 }   Orc:2 (}(!}


Innate Abilities, Weirdness & Mutations

You reflexively headbutt those who attack you in melee.
You have a pair of horns on your head.
You have sharp toenails.
You occasionally shout uncontrollably at your foes.
Your movements are slightly less encumbered by armour. (ER -2)


Message History

The naga ritualist begins to radiate toxic energy.
The mana viper bites you.
* * * LOW HITPOINT WARNING * * *
The naga warrior closely misses you.
* * * LOW HITPOINT WARNING * * *
The naga warrior constricts you.
You feel much better.
You feel sick.
* * * LOW HITPOINT WARNING * * *
x2 The guardian serpent casts a spell at you.
The bolt of poison hits you!
You are more poisoned.
You resist.
* * * LOW HITPOINT WARNING * * *
The bolt of poison hits the naga ritualist.
The naga ritualist is poisoned.
The mana viper bites you!
* * * LOW HITPOINT WARNING * * *
The naga hits you but does no damage.
The guardian serpent hits you but does no damage.
The naga warrior hits you with a halberd!
You die...

#### ##..#+#...#.....#..#..##
...# #......#...........###.#
...#######.......#......##.##
###
....##..............#......###
....###..#........#..........#
...#####.......>.........##.##
...#.#...#.........###+.#..##
.......#.#.....N.S.P##.#...##
...+.####......N@S..##......#
...### #P.....N.N..#####..P#
...# #..........## ##.## ...#
#P.........# ##.# .###
###P.P##'#.# #..# #.#
#.#......#### ##.# #
..########.#...##.#.# #.# ###
..#..#.#...........##
###'####..
......###..........#
#........#


You could see 2 naga warriors, a naga ritualist, a mana viper, a guardian
serpent and a naga.

Vanquished Creatures
  Kirke (Lair:6)
  A dire elephant (Lair:6)
  Josephine (D:11)
  Erolcha (Orc:2)
  Fannar (D:10)
  8 hydras
  2 catoblepae
  3 anacondas
  A dancing weapon (Volcano)
  4 two-headed ogres
  17 death yaks
  An ogre mage (Orc:2)
  A deep troll shaman (Lair:6)
  A fire crab (Lair:6)
  4 wizards (Volcano)
  An orc knight (Orc:2)
  Pikel (D:4)
  4 lindwurms
  A cyclops (Orc:1)
  9 orc sorcerers (Orc:2)
  3 toenail golems (Volcano)
  10 elephants
  13 black mambas
  Maurice (Orc:2)
  Joseph (D:8)
  A torpor snail (Lair:6)
  9 spiny frogs
  A rime drake (Lair:4)
  5 komodo dragons
  2 polar bears
  A troll (D:7)
  Prince Ribbit (D:9)
  11 dream sheep
  12 hippogriffs
  20 blink frogs
  Sigmund (D:4)
  3 wraiths (D:11)
  A wyvern (Lair:4)
  8 basilisks
  5 hogs (Lair:6)
  27 yaks
  Menkaure (D:4)
  2 wargs (Orc:2)
  A naga (Snake:1)
  23 water moccasins
  5 porcupines
  2 hell hounds (Lair:3)
  12 orc warriors
  3 ice beasts
  A slave (D:4)
  4 phantoms
  2 sky beasts
  4 black bears
  2 necrophages
  5 wolves (Lair:6)
  14 ogres
  5 centaurs
  15 crocodiles
  A big kobold (D:10)
  An elf zombie (D:8)
  15 bullfrogs
  5 water moccasin zombies (Ossuary)
  3 elf skeletons (D:8)
  A wyvern skeleton (D:11)
  A water moccasin skeleton (D:10)
  2 scorpions
  6 killer bees (D:9)
  2 howler monkeys
  2 electric eels (Lair:3)
  5 crimson imps
  2 centaur zombies
  2 bullfrog zombies
  16 orc priests
  A jelly (D:7)
  5 hounds
  3 human skeletons (D:8)
  23 orc wizards
  A bullfrog skeleton (D:7)
  3 centaur skeletons
  4 iguanas
  7 worker ants
  A killer bee zombie (D:10)
  2 big kobold zombies (Ossuary)
  A hound zombie (D:11)
  2 mummies (Ossuary)
  A hound skeleton (D:7)
  A worker ant zombie (D:6)
  Robin (D:4)
  8 gnolls
  8 adders
  2 shadow imps
  An ooze (D:4)
  3 adder skeletons
  6 adder zombies
  5 worms
  4 dart slugs
  5 leopard geckos
  61 orcs
  5 ball pythons
  7 giant cockroaches
  4 gnoll zombies (Ossuary)
  16 goblins
  8 hobgoblins
  7 jackals
  10 kobolds
  3 quokkas
  7 bats
  2 frilled lizards
  5 hobgoblin zombies (Ossuary)
  5 kobold zombies (Ossuary)
  A leopard gecko skeleton (D:6)
  2 orc skeletons (D:8)
  6 orc zombies
  6 rats
  A plant (D:11)
618 creatures vanquished.

Vanquished Creatures (others)
  2 orc wizards
  3 gnolls (D:5)
  2 orcs (D:5)
  2 bushes (Lair:5)
  9 fungi
  11 plants
  7 toadstools (Lair:3)
36 creatures vanquished.

Grand Total: 654 creatures vanquished

Notes
Turn   | Place    | Note
-------+----------+-------------------------------------------
     0 | D:1      | zishaf the Minotaur Berserker began the quest for the Orb.
     0 | D:1      | Reached XP level 1. HP: 19/19 MP: 0/0
   167 | D:1      | Reached XP level 2. HP: 26/26 MP: 1/1
   732 | D:1      | Reached skill level 5 in Axes
  1082 | D:2      | Reached XP level 3. HP: 27/31 MP: 2/2
  1153 | D:2      | Reached ** piety under Trog
  1442 | D:2      | Reached XP level 4. HP: 39/39 MP: 3/3
  1734 | D:3      | Reached skill level 4 in Fighting
  1918 | D:3      | Reached XP level 5. HP: 34/47 MP: 4/4
  2321 | D:4      | Noticed Sigmund
  2328 | D:4      | Killed Sigmund
  2328 | D:4      | Reached *** piety under Trog
  2328 | D:4      | Reached skill level 5 in Fighting
  2328 | D:4      | Reached skill level 1 in Polearms
  2328 | D:4      | Reached XP level 6. HP: 56/56 MP: 5/5
  2330 | D:4      | Noticed Menkaure
  2340 | D:4      | Killed Menkaure
  2666 | D:4      | Noticed a slave
  2672 | D:4      | Killed a slave
  2685 | D:4      | Noticed Pikel
  2685 | D:4      | Noticed a slave
  2685 | D:4      | Noticed a slave
  2685 | D:4      | Noticed a slave
  2692 | D:4      | Killed Pikel
  2692 | D:4      | Reached XP level 7. HP: 54/61 MP: 6/6
  2817 | D:4      | Found the +8 trident of the Octopus King {venom, rElec rPois MR+}
  3004 | D:4      | Reached XP level 8. HP: 70/70 MP: 7/7
  3054 | D:4      | Reached skill level 6 in Fighting
  3222 | D:4      | Noticed Robin
  3232 | D:4      | Killed Robin
  3587 | D:5      | Entered Level 5 of the Dungeon
  3594 | D:5      | Gained mutation: You occasionally shout uncontrollably at your foes. [potion of mutation]
  3594 | D:5      | Gained mutation: You have sharp toenails. [potion of mutation]
  3594 | D:5      | Gained mutation: Your movements are slightly less encumbered by armour. (ER -2) [potion of mutation]
  3828 | D:5      | Noticed a two-headed ogre
  3834 | D:5      | Killed a two-headed ogre
  3834 | D:5      | Reached skill level 8 in Fighting
  3834 | D:5      | Reached skill level 5 in Dodging
  4053 | D:5      | Reached skill level 5 in Armour
  4053 | D:5      | Reached XP level 9. HP: 77/81 MP: 8/8
  4143 | D:5      | Got a slimy silver ring
  4145 | D:5      | Identified the ring "Feubyr" {*Tele rC+ Slay+3} (You found it on level 5 of the Dungeon)
  4301 | D:5      | Reached **** piety under Trog
  4542 | D:6      | Found a staircase to the Ecumenical Temple.
  4590 | D:6      | Got a polished short sword
  4667 | D:6      | Reached skill level 9 in Fighting
  4723 | D:6      | Found a blossoming altar of Fedhas.
  4792 | D:6      | Found an iron altar of Okawaru.
  4889 | D:6      | Got a warped ring mail
  4900 | D:6      | Identified the cursed +0 ring mail of Distant Shores {rPois rF++ rN+ Slay-4} (You found it on level 6 of the Dungeon)
  4924 | D:6      | Identified the +5 short sword of Parts Unknown {speed, *Noise rN+ Int+3} (You found it on level 6 of the Dungeon)
  5109 | D:6      | Got an ichor-stained short sword
  5110 | D:6      | Identified the +2 short sword of Cocytus {holy, Int+4 SInv} (You found it on level 6 of the Dungeon)
  5530 | D:7      | Noticed a troll
  5538 | D:7      | Killed a troll
  5553 | D:7      | Got a shimmering rapier
  5554 | D:7      | Identified the cursed +1 rapier "Qaubb" {antimagic, MR+} (You found it on level 7 of the Dungeon)
  5616 | D:7      | Reached skill level 1 in Short Blades
  5927 | D:7      | Reached skill level 10 in Fighting
  5984 | D:7      | Reached XP level 10. HP: 89/93 MP: 3/9
  6255 | D:8      | Found a sand-covered staircase.
  6267 | Ossuary  | Entered an ossuary
  6340 | Ossuary  | Reached ***** piety under Trog
  6397 | Ossuary  | Reached skill level 1 in Shields
  6571 | D:8      | Noticed a two-headed ogre
  6806 | D:7      | Killed a two-headed ogre
  7069 | D:8      | Reached skill level 10 in Polearms
  7080 | D:8      | Noticed Joseph
  7093 | D:8      | Killed Joseph
  7394 | D:9      | Found a staircase to the Orcish Mines.
  7517 | D:9      | Reached skill level 11 in Fighting
  7773 | D:9      | Noticed a two-headed ogre
  7780 | D:9      | Killed a two-headed ogre
  8024 | D:9      | Noticed a two-headed ogre
  8029 | D:9      | Killed a two-headed ogre
  8029 | D:9      | Reached XP level 11. HP: 102/102 MP: 10/10
  8108 | D:9      | Noticed Prince Ribbit
  8113 | D:9      | Killed Prince Ribbit
  8113 | D:9      | Reached skill level 5 in Shields
  8167 | Orc:1    | Entered Level 1 of the Orcish Mines
  8198 | D:10     | Entered Level 10 of the Dungeon
  8294 | D:10     | Received a gift from Trog
  8427 | D:10     | Reached skill level 12 in Fighting
  8458 | D:10     | Noticed Fannar
  8471 | D:10     | Killed Fannar
  9486 | D:11     | Noticed Josephine
  9492 | D:11     | Killed Josephine
  9615 | D:11     | Found a staircase to the Lair.
 10265 | Lair:1   | Entered Level 1 of the Lair of Beasts
 10284 | Lair:1   | Reached skill level 13 in Fighting
 10346 | Lair:1   | Reached XP level 12. HP: 115/115 MP: 11/11
 10541 | Lair:1   | Received a gift from Trog
 10619 | Lair:1   | Noticed a five-headed hydra
 10626 | Lair:1   | Killed a five-headed hydra
 11168 | Lair:2   | Reached skill level 14 in Fighting
 11210 | Lair:2   | Found a staircase to the Snake Pit.
 11812 | Lair:3   | Found a dark tunnel.
 11947 | Volcano  | Entered a volcano
 12313 | Volcano  | Reached skill level 15 in Fighting
 12525 | Lair:3   | Noticed an eight-headed hydra
 12527 | Lair:3   | Noticed a six-headed hydra
 12533 | Lair:3   | Killed an eight-headed hydra
 12538 | Lair:3   | Killed a six-headed hydra
 12538 | Lair:3   | Reached XP level 13. HP: 127/127 MP: 9/12
 13004 | Lair:3   | Found a hide-covered altar of Uskayaw.
 13009 | Lair:3   | Got a bone quarterstaff
 13015 | Lair:3   | Identified the cursed +0 quarterstaff of Departure {crush, SInv} (You found it on level 3 of the Lair of Beasts)
 13323 | Lair:3   | Reached skill level 10 in Shields
 13342 | Lair:3   | Found a runed door.
 13409 | Lair:3   | Reached skill level 16 in Fighting
 14037 | Lair:4   | Identified a scroll of acquirement
 14489 | Lair:4   | Reached ****** piety under Trog
 14490 | Lair:4   | Found a staircase to the Shoals.
 14504 | Lair:4   | Received a gift from Trog
 14507 | Lair:4   | Reached skill level 17 in Fighting
 14552 | Lair:4   | Got a smoking short sword {god gift}
 14553 | Lair:4   | Identified the +3 short sword of Uluxonif {pierce, rF+ Str+3} (Trog gifted it to you on level 4 of the Lair of Beasts)
 15330 | Lair:5   | Reached XP level 14. HP: 110/140 MP: 13/13
 15523 | Lair:5   | Reached skill level 18 in Fighting
 15744 | Lair:5   | Found a viscous altar of Jiyva.
 15744 | Lair:5   | Found a staircase to the Slime Pits.
 16215 | Lair:6   | Entered Level 6 of the Lair of Beasts
 16585 | Lair:6   | Reached skill level 1 in Evocations
 16630 | Lair:6   | Noticed Kirke
 16658 | Lair:6   | Killed Kirke
 16738 | Lair:6   | Reached skill level 19 in Fighting
 16787 | Lair:6   | Received a gift from Trog
 17624 | Orc:1    | Found Xocoir's Gadget Shop.
 17863 | Orc:2    | Entered Level 2 of the Orcish Mines
 17934 | Orc:2    | Found Busa Qygh's Antique Weapon Shoppe.
 17957 | Orc:2    | Received a gift from Trog
 18012 | Orc:2    | Found an ancient bone altar of Kikubaaqudgha.
 18060 | Orc:2    | Found a radiant altar of Vehumet.
 18060 | Orc:2    | Noticed Erolcha
 18066 | Orc:2    | Reached XP level 15. HP: 150/152 MP: 14/16
 18072 | Orc:2    | Killed Erolcha
 18126 | Orc:2    | Noticed Maurice
 18135 | Orc:2    | Killed Maurice
 18213 | Orc:2    | Found Sugryczu's Antique Weapon Emporium.
 18249 | Orc:2    | Found a staircase to the Elven Halls.
 18646 | Orc:2    | Found a roughly hewn altar of Beogh.
 18646 | Orc:2    | Found Peij's Gadget Shoppe.
 18693 | Orc:2    | Found Doeclon's Gadget Emporium.
 18957 | Orc:2    | Found Heschazi's Distillery.
 18979 | Orc:2    | Bought 2 potions of curing for 72 gold pieces
 18979 | Orc:2    | Bought a potion of heal wounds for 60 gold pieces
 18979 | Orc:2    | Bought a potion of heal wounds for 60 gold pieces
 19412 | Snake:1  | Entered Level 1 of the Snake Pit
 19443 | Lair:2   | HP: 5/152 [mana viper (3)]
 19443 | Lair:2   | HP: 2/152 [naga warrior/short sword (3)]
 19444 | Lair:2   | Slain by a naga warrior

Skill      XL: |  1  2  3  4  5  6  7  8  9 10 11 12 13 14 15 |
---------------+----------------------------------------------+-----
Axes           | 4 5 6 |  6.0
Fighting       | 4 5 8 10 11 13 15 17 19 | 19.0
Armour         | 3 5 6 8 9 |  9.0
Polearms       | 1 7 8 9 10 11 12 13 | 13.5
Dodging        | 3 5 6 7 9 |  9.0
Short Blades   | 2 3 |  3.1
Shields        | 4 6 9 11 14 | 14.9
Evocations     | 3 4 |  4.8

Action                   |  1- 3 |  4- 6 |  7- 9 | 10-12 | 13-15 || total
-------------------------+-------+-------+-------+-------+-------++-------
Melee: Hand axe          |    70 |    38 |       |       |       ||   108
       Headbutt          |    18 |    18 |    31 |   130 |   241 ||   438
       Spear             |       |    41 |     5 |       |       ||    46
       Trident           |       |       |   161 |   418 |   868 ||  1447
       Rapier            |       |       |    33 |   161 |       ||   194
Invok: Berserk           |       |       |     2 |     6 |     6 ||    14
       Trog's Hand       |       |       |       |     7 |     4 ||    11
Evoke: Wand              |       |       |       |     1 |       ||     1
  Use: Scroll            |       |       |    13 |    10 |     9 ||    32
       Potion            |       |       |     1 |       |     2 ||     3
  Eat: Chunk             |     2 |     2 |    11 |    42 |    22 ||    79
       Ration            |       |     1 |       |     1 |     2 ||     4
Armor: Animal skin       |     6 |       |       |       |       ||     6
       Ring mail         |     5 |    15 |    29 |    71 |       ||   120
       Plate armour      |       |       |       |    35 |   244 ||   279
       Robe              |       |       |       |     2 |       ||     2
Dodge: Dodged            |    37 |    30 |    85 |   196 |   235 ||   583
Block: Buckler           |       |       |     2 |    18 |    81 ||   101
       Shield            |       |       |       |   111 |   214 ||   325
       Reflection        |       |       |       |       |     2 ||     2
